 Dungeon Crawl Stone Soup version 0.22-a0-40-g3d2f077 (webtiles) character file.

8185 Delita the Cleaver (level 11, -3/99 HPs)
             Began as a Deep Dwarf Berserker on Dec 30, 2017.
             Was a High Priest of Trog.
             Succumbed to a redback's poison
             ... on level 11 of the Dungeon on Jan 4, 2018.
             The game lasted 01:20:59 (10794 turns).

Delita the Cleaver (Deep Dwarf Berserker)          Turns: 10794, Time: 01:21:00

Health: -3/99      AC: 15    Str: 23    XL:     11   Next: 6%
Magic:  0/0        EV: 11    Int:  8    God:    Trog [*****.]
Gold:   167        SH:  0    Dex: 19    Spells: 10/10 levels left

rFire    . . .     SeeInvis .   D - +0 battleaxe
rCold    . . .     Gourm    .   (shield currently unavailable)
rNeg     . . .     Faith    .   q - +1 chain mail
rPois    .         Spirit   .   e - +0 helmet
rElec    .         Reflect  .   l - scarf {repulsion}
rCorr    .         Harm     .   B - +1 pair of gloves
MR       +....                  (no boots)
Stlth    ..........             y - amulet of rage
HPRegen  0.00/turn              H - +4 ring of dexterity
MPRegen  0.07/turn              p - +3 ring of slaying

@: lethally poisoned (-3 -> -45), non-regenerating, repel missiles
A: damage resistance, heal wounds, agile 1, sense surroundings 2, no potion heal
1, no regeneration
a: Heal Wounds, Berserk, Trog's Hand, Brothers in Arms, Burn Spellbooks,
Renounce Religion, Evoke Berserk Rage


You were on level 11 of the Dungeon.
You worshipped Trog.
Trog was extremely pleased with you.
You were not hungry.

You visited 2 branches of the dungeon, and saw 12 of its levels.
You also visited: Sewer.

You collected 657 gold pieces.
You spent 490 gold pieces at shops.

Inventory:

Hand Weapons
 a - a +2 hand axe
 r - a cursed -3 short sword
 u - a +0 halberd
 z - a +0 war axe
 C - a +0 war axe
 D - a +0 battleaxe (weapon)
Missiles
 d - 323 stones
 F - 7 poisoned tomahawks (quivered)
Armour
 e - a +0 helmet (worn)
 f - a +3 ring mail
 l - a scarf of repulsion (worn)
 q - a +1 chain mail (worn)
 x - a +0 buckler
 A - a scarf of cloud immunity
 B - a +1 pair of gloves (worn)
Jewellery
 i - an uncursed ring of wizardry
 p - a +3 ring of slaying (right hand)
 y - an amulet of rage (around neck)
 G - an uncursed amulet of magic regeneration
 H - a +4 ring of dexterity (left hand)
 J - an uncursed ring of fire
Wands
 n - a wand of random effects (21)
 v - a wand of polymorph (20)
 L - a wand of acid (6)
Scrolls
 h - 2 scrolls of fear
 j - 2 scrolls of amnesia
 o - 2 scrolls of remove curse
 w - 7 scrolls of identify
 K - 2 scrolls of teleportation
Potions
 m - 5 potions of flight
 t - a potion of agility
 E - a potion of invisibility
Comestibles
 c - 14 rations


   Skills:
 + Level 6.8 Fighting
 * Level 14.2 Axes
 + Level 0.7 Throwing
 + Level 8.0 Armour
 + Level 5.1 Dodging
 + Level 1.5 Stealth
 - Level 0.2 Shields
 + Level 0.4 Evocations


You had 10 spell levels left.
You didn't know any spells.

Dungeon Overview and Level Annotations

Branches:
Dungeon (11/15)            Temple (1/1) D:6             Orc (0/2) D:10
   Lair: D:8-11

Altars:
Ashenzari
Cheibriados
Dithmenos
Elyvilon
Fedhas
Gozag
Hepliaklqana
Kikubaaqudgha
Makhleb
Nemelex Xobeh
Okawaru
Qazlal
Ru
Sif Muna
Trog
Uskayaw
Vehumet
Wu Jian
Xom
Yredelemnul
Zin
The Shining One

Shops:
D:10 %

Annotations:
D:8 Bachlover's ghost, novice HOFi


Innate Abilities, Weirdness & Mutations

You are resistant to damage.
You can heal yourself by infusing magical energy.
You passively map the area around you.
You do not regenerate.
You are agile. (Dex +2)
Potions are less effective at restoring your health.


Message History

You are lethally poisoned!
The redback poisons you!
You slice the redback!!
You kill the redback!
Trog accepts your kill.
Your Dodging skill increases to level 5!
* * * LOW HITPOINT WARNING * * *
You feel very sick.
* * * LOW HITPOINT WARNING * * *
You feel very sick.
Unknown command.
* * * LOW HITPOINT WARNING * * *
You feel very sick.
Things that are here:
4 large rocks; a poisoned tomahawk
* * * LOW HITPOINT WARNING * * *
You feel very sick.
* * * LOW HITPOINT WARNING * * *
You feel very sick.
You die...

* , * , * * *
* , * * * * *
###### #...@#
,#.##.## *
#.....#
#.####(##
#.......#
######.##
#.####.#
#######.....(#
#.......######


There were no monsters in sight!

Vanquished Creatures
  2 two-headed ogres (D:8)
  Pikel (D:8)
  An ugly thing (D:7)
  A cyclops (D:10)
  4 slime creatures (D:10)
  Joseph (D:8)
  A troll (D:9)
  2 hornets (D:8)
  Prince Ribbit (D:8)
  A hippogriff (D:6)
  A redback (D:11)
  2 hungry ghosts
  A soldier ant (D:8)
  2 water moccasins (D:7)
  3 orc warriors
  A sky beast (D:7)
  A slave (D:8)
  A necrophage (D:10)
  2 phantoms (D:10)
  A centaur (D:7)
  An ogre (D:8)
  A bullfrog (D:6)
  A troll zombie (D:10)
  3 scorpions
  3 killer bees (D:8)
  3 howler monkeys
  4 crimson imps
  A centaur zombie (D:5)
  9 orc priests
  A gnoll shaman (D:4)
  A hound (D:7)
  A jelly (D:6)
  6 orc wizards
  Natasha (twice) (D:3)
  3 iguanas
  10 worker ants
  5 ogre zombies (D:10)
  A hound skeleton (D:4)
  3 worker ant zombies
  5 gnolls (D:4)
  A howler monkey skeleton (D:7)
  A river rat (D:3)
  10 adders
  A shadow imp (D:7)
  2 oozes
  2 adder skeletons
  6 worms
  7 leopard geckos
  19 orcs
  4 ball pythons (Sewer)
  6 giant cockroaches
  4 goblins
  6 hobgoblins
  3 jackals (D:4)
  4 quokkas
  A ball python skeleton (D:4)
  11 bats
  3 frilled lizards
  6 goblin zombies (D:10)
  A hobgoblin skeleton (D:10)
  2 hobgoblin zombies (D:10)
  18 kobolds
  An orc skeleton (D:10)
  9 orc zombies (D:10)
  15 rats
237 creatures vanquished.

Vanquished Creatures (others)
  A plant (D:9)
1 creature vanquished.

Grand Total: 238 creatures vanquished

Notes
Turn   | Place    | Note
-------+----------+-------------------------------------------
     0 | D:1      | Delita the Deep Dwarf Berserker began the quest for the Orb.
     0 | D:1      | Reached XP level 1. HP: 20/20 MP: 1/1
    45 | D:1      | Reached skill level 1 in Stealth
   178 | D:1      | Reached XP level 2. HP: 27/27 MP: 1/1
  1225 | D:2      | Reached XP level 3. HP: 13/34 MP: 2/2
  1234 | D:2      | Upgraded the game from 0.21-a0-641-geef9d7f to 0.22-a0-21-g9421e3f
  1505 | D:2      | Reached ** piety under Trog
  1636 | D:2      | Reached skill level 4 in Axes
  1850 | D:2      | Reached XP level 4. HP: 34/42 MP: 1/1
  2447 | D:3      | Found a bloodstained altar of Trog.
  2611 | D:3      | Noticed Natasha
  2620 | D:3      | Killed Natasha
  2864 | D:3      | Reached XP level 5. HP: 46/49 MP: 2/2
  2884 | D:3      | Found a glowing drain.
  2888 | Sewer    | Entered a sewer
  3083 | Sewer    | Reached *** piety under Trog
  3463 | D:3      | Noticed Natasha
  3482 | D:3      | Killed Natasha
  3599 | D:4      | Reached skill level 5 in Axes
  3639 | D:4      | Reached XP level 6. HP: 24/56 MP: 3/3
  3755 | D:4      | Reached skill level 6 in Axes
  3832 | D:4      | Reached XP level 7. HP: 59/63 MP: 4/4
  4439 | D:4      | Reached **** piety under Trog
  4479 | D:5      | Entered Level 5 of the Dungeon
  4479 | D:5      | Found a white marble altar of Elyvilon.
  5611 | D:6      | Noticed a hippogriff
  5633 | D:6      | Killed a hippogriff
  5633 | D:6      | Reached skill level 7 in Axes
  5716 | D:6      | Reached XP level 8. HP: 59/73 MP: 4/4
  5802 | D:6      | Found a staircase to the Ecumenical Temple.
  5817 | Temple   | Entered the Ecumenical Temple
  6201 | D:6      | Upgraded the game from 0.22-a0-21-g9421e3f to 0.22-a0-32-ga749362
  6436 | D:6      | Reached skill level 5 in Armour
  6695 | D:6      | Reached skill level 5 in Fighting
  6695 | D:6      | Reached skill level 8 in Axes
  6850 | D:7      | Upgraded the game from 0.22-a0-32-ga749362 to 0.22-a0-40-g3d2f077
  6859 | D:7      | Gained mutation: Your spells are a little harder to cast, but a little more powerful. [potion of mutation]
  6859 | D:7      | Gained mutation: You expend magic power (3 MP) to strengthen your wands. [potion of mutation]
  6859 | D:7      | Gained mutation: Your flesh is heat resistant. (rF+) [potion of mutation]
  7057 | D:7      | Reached skill level 9 in Axes
  7214 | D:7      | Gained mutation: You passively map the area around you. [Deep Dwarf growth]
  7214 | D:7      | Reached XP level 9. HP: 71/81 MP: 3/3
  7601 | D:7      | Noticed a cyan ugly thing
  7619 | D:7      | Killed a cyan ugly thing
  7619 | D:7      | Reached skill level 10 in Axes
  7837 | D:8      | Noticed a two-headed ogre
  7845 | D:8      | Killed a two-headed ogre
  7845 | D:8      | Reached skill level 11 in Axes
  7967 | D:8      | Noticed Pikel
  7980 | D:8      | Killed Pikel
  8021 | D:8      | Noticed Joseph
  8038 | D:8      | Killed Joseph
  8038 | D:8      | Reached skill level 12 in Axes
  8038 | D:8      | Reached XP level 10. HP: 82/91 MP: 2/2
  8092 | D:8      | Reached ***** piety under Trog
  8132 | D:8      | Found a shattered altar of Ashenzari.
  8314 | D:8      | Noticed Prince Ribbit
  8323 | D:8      | Killed Prince Ribbit
  8338 | D:8      | Noticed a two-headed ogre
  8353 | D:8      | Killed a two-headed ogre
  8353 | D:8      | Reached skill level 13 in Axes
  8516 | D:8      | Noticed Bachlover's ghost (novice HOFi)
  8529 | D:8      | Lost mutation: You expend magic power (3 MP) to strengthen your wands. [potion of mutation]
  8529 | D:8      | Lost mutation: Your flesh is heat resistant. (rF+) [potion of mutation]
  8529 | D:8      | Lost mutation: Your spells are a little harder to cast, but a little more powerful. [potion of mutation]
  8529 | D:8      | Gained mutation: You have sharp toenails. [potion of mutation]
  8529 | D:8      | Gained mutation: You have a pair of small horns on your head. [potion of mutation]
  8875 | D:10     | Entered Level 10 of the Dungeon
  8949 | D:10     | Found a staircase to the Orcish Mines.
  9266 | D:10     | Lost mutation: You have sharp toenails. [potion of mutation]
  9266 | D:10     | Lost mutation: You have a pair of small horns on your head. [potion of mutation]
  9266 | D:10     | Gained mutation: You have an increased reservoir of magic. (+10% MP) [potion of mutation]
  9266 | D:10     | Gained mutation: Potions are less effective at restoring your health. [potion of mutation]
  9266 | D:10     | Gained mutation: You are agile. (Dex +2) [potion of mutation]
  9266 | D:10     | Gained mutation: You evolve. [potion of mutation]
  9268 | D:10     | Lost mutation: You have an increased reservoir of magic. (+10% MP) [potion of mutation]
  9268 | D:10     | Lost mutation: You evolve. [potion of mutation]
  9268 | D:10     | Lost mutation: You are agile. (Dex +2) [potion of mutation]
  9268 | D:10     | Lost mutation: Potions are less effective at restoring your health. [potion of mutation]
  9268 | D:10     | Gained mutation: Potions are less effective at restoring your health. [potion of mutation]
  9268 | D:10     | Gained mutation: You are agile. (Dex +2) [potion of mutation]
  9281 | D:10     | Reached skill level 14 in Axes
  9482 | D:10     | Noticed a cyclops
  9490 | D:10     | HP: 1/92 [cyclops (17)]
  9492 | D:10     | Killed a cyclops
  9492 | D:10     | Reached XP level 11. HP: 2/99 MP: 1/1
 10424 | D:10     | Found Jyth's Food Shop.
 10427 | D:10     | Bought a ration for 70 gold pieces
 10427 | D:10     | Bought a ration for 70 gold pieces
 10427 | D:10     | Bought a ration for 70 gold pieces
 10427 | D:10     | Bought a ration for 70 gold pieces
 10427 | D:10     | Bought a ration for 70 gold pieces
 10427 | D:10     | Bought a ration for 70 gold pieces
 10427 | D:10     | Bought a ration for 70 gold pieces
 10789 | D:11     | Reached skill level 5 in Dodging
 10793 | D:11     | HP: 2/99 [poisoned by a redback]
 10794 | D:11     | Succumbed to a redback's poison

Vault maps used:
D:1:      eino_arrival_cavern_b, wad_floor_pattern_1
D:3:      lemuel_crystal_altar, gup_sewer_entry_spiral, uniq_natasha
D:5:      first_ration, grunt_decor_resistance, elyvilon_altar_5
D:6:      temple_hall
D:7:      minmay_cornered_nines
D:8:      hangedman_pestilent_swarm, ashenzari_altar_1, uniq_prince_ribbit1,
          uniq_joseph, uniq_pikel
D:9:      minmay_the_grid_triangle_9x9_recursive_2,
          grunt_lair_entry_orc_guard_hut, minivault_14
D:10:     zombieorc1_lemuel, serial_shops, kennysheep_mini
D:11:     lab_entry_generic
Temple:   compressed_dpeg_triangle_lava_temple
Sewer:    kennysheep_pipe_town

Skill      XL: |  1  2  3  4  5  6  7  8  9 10 11 |
---------------+----------------------------------+-----
Stealth        | 1 |  1.5
Fighting       | 3 4 5 6 |  6.8
Axes           | 4 5 6 7 9 12 14 | 14.2
Dodging        | 3 4 5 |  5.1
Armour         | 3 4 6 7 8 |  8.0
Throwing       | |  0.7
Shields        | |  0.2
Evocations     | |  0.4

Action                   |  1- 3 |  4- 6 |  7- 9 | 10-12 || total
-------------------------+-------+-------+-------+-------++-------
Melee: Hand axe          |   169 |   276 |   116 |       ||   561
       War axe           |       |       |    61 |       ||    61
       Battleaxe         |       |       |   138 |   135 ||   273
       Kick              |       |       |       |    28 ||    28
       Headbutt          |       |       |       |     9 ||     9
Throw: Stone             |     2 |     1 |     6 |       ||     9
       Tomahawk          |       |       |     2 |    10 ||    12
Invok: Berserk           |       |     3 |       |     5 ||     8
       Burn Spellbooks   |       |       |     1 |     1 ||     2
 Abil: Heal Wounds       |     6 |    10 |    27 |     8 ||    51
       Evoke Berserk Rag |       |       |     1 |       ||     1
Evoke: Wand              |       |       |       |     1 ||     1
  Use: Scroll            |     6 |     6 |     9 |     1 ||    22
       Potion            |     2 |     7 |     3 |    17 ||    29
  Eat: Ration            |     1 |     3 |     7 |     5 ||    16
Armor: Animal skin       |    14 |       |       |       ||    14
       Ring mail         |    52 |   122 |       |       ||   174
       Chain mail        |       |       |   157 |    46 ||   203
Dodge: Dodged            |   134 |   217 |   141 |    85 ||   577
       Deflected         |       |       |     5 |     2 ||     7
Block: Buckler           |       |       |    11 |       ||    11

Table legend:
 A = Spawn XP
 B = Non-spawn XP
 C = Spawn XP percentage of total XP
 D = Spawn monster count
 E = Non-spawn monster count
 F = Spawn count percentage of total count
 G = Total turns spent on level
                    A         B        C        D         E        F      G
               +---------+---------+-------+---------+---------+-------+---------
         Total |       0 |   11694 |   0.0 |       0 |     236 |   0.0 | 10794
               +---------+---------+-------+---------+---------+-------+---------
           D:1 |       0 |      29 |   0.0 |       0 |      16 |   0.0 |   981
           D:2 |       0 |      86 |   0.0 |       0 |      26 |   0.0 |  1305
           D:3 |       0 |     134 |   0.0 |       0 |      18 |   0.0 |  1013
           D:4 |       0 |     494 |   0.0 |       0 |      30 |   0.0 |   895
           D:5 |       0 |     343 |   0.0 |       0 |      12 |   0.0 |  1099
           D:6 |       0 |     987 |   0.0 |       0 |      24 |   0.0 |   905
           D:7 |       0 |    1691 |   0.0 |       0 |      18 |   0.0 |   938
           D:8 |       0 |    4368 |   0.0 |       0 |      19 |   0.0 |  1052
           D:9 |       0 |     301 |   0.0 |       0 |       1 |   0.0 |    42
          D:10 |       0 |    2995 |   0.0 |       0 |      47 |   0.0 |  1733
          D:11 |       0 |     216 |   0.0 |       0 |       1 |   0.0 |   186
         Sewer |       0 |      50 |   0.0 |       0 |      24 |   0.0 |   285
               +---------+---------+-------+---------+---------+-------+---------
